 Dungeon Crawl Stone Soup version 0.21.1-1-g345015fe64 (webtiles) character file.

2151 Lavandula the Geomancer (level 9, 56/57 HPs)
             Began as a Barachi Earth Elementalist on July 23, 2018.
             Quit the game on level 6 of the Dungeon.
             The game lasted 00:23:24 (3379 turns).

Lavandula the Geomancer (BaEE)                      Turns: 3379, Time: 00:23:25

Health: 56/57      AC:  5    Str: 10    XL:     9   Next: 31%
Magic:  13/16      EV: 12    Int: 18    God:
Gold:   134        SH:  4    Dex: 13    Spells: 4/17 levels left

rFire    + . .     SeeInvis .   g - +3 dagger (distort)
rCold    . . .     Gourm    .   (no shield)
rNeg     . . .     Faith    .   c - +0 robe
rPois    +         Spirit   .   (helmet restricted)
rElec    .         Reflect  +   (no cloak)
rCorr    .         Harm     .   a - +2 pair of gloves
MR       .....                  (no boots)
Stlth    ++........             z - +4 amulet of reflection
HPRegen  0.19/turn              t - ring of poison resistance
MPRegen  0.15/turn              v - ring of protection from fire

@: slow
A: +LOS, swims, horns 2, slowness 1, strong legs 1
a: Hop


You were on level 6 of the Dungeon.
You were not hungry.

You visited 2 branches of the dungeon, and saw 8 of its levels.
You also visited: Ossuary.

You collected 254 gold pieces.
You spent 120 gold pieces at shops.

Inventory:

Hand Weapons
 f - a cursed -3 dagger
 g - a +3 dagger of distortion (weapon)
 w - a +0 lajatang
Missiles
 b - 49 stones (quivered)
Armour
 a - a +2 pair of gloves (worn)
 c - a +0 robe (worn)
 l - the +8 chain mail of Elyvilon's Pride {Int+2, unknown}
   (You found it in an ossuary)

   It affects your intelligence (+2).
Jewellery
 t - a ring of poison resistance (left hand)
 u - an uncursed ring of fire
 v - a ring of protection from fire (right hand)
 z - a +4 amulet of reflection (around neck)
Scrolls
 h - 7 scrolls of remove curse
 i - a scroll of noise
 j - a scroll of teleportation
 m - a scroll of enchant armour
 o - a scroll of identify
 r - 2 scrolls of amnesia
 s - a scroll of immolation
 y - a scroll of brand weapon
Potions
 k - a potion of flight
 n - 2 potions of mutation
 p - a potion of cancellation
 q - 2 potions of curing
 x - a potion of heal wounds {unknown}
Books
 e - a book of Geomancy

   Spells                             Type                      Level
   a - Sandblast                      Earth                        1
   b - Passwall                       Transmutation/Earth          2
   c - Stone Arrow                    Conjuration/Earth            3
   d - Petrify                        Transmutation/Earth          4
   e - Lee's Rapid Deconstruction     Earth                        5
Comestibles
 d - 10 rations


   Skills:
 + Level 8.2 Short Blades
 - Level 2.1 Dodging
 - Level 1.7 Stealth
 - Level 4.8 Spellcasting
 - Level 1.1 Transmutations
 - Level 8.8 Earth Magic


You had 4 spell levels left.
You knew the following spells:

 Your Spells              Type           Power        Failure   Level  Hunger
a - Sandblast             Erth           #####.       1%          1    None
b - Stone Arrow           Conj/Erth      ###...       7%          3    ###....
c - Petrify               Tmut/Erth      ###.....     17%         4    ####...
d - Lee's Rapid Deconstr  Erth           #####.....   10%         5    ######.


Dungeon Overview and Level Annotations

Branches:
Dungeon (7/15)             Temple (1/1) D:6

Altars:
Ashenzari
Fedhas
Gozag
Hepliaklqana
Kikubaaqudgha
Makhleb
Okawaru
Qazlal
Ru
Sif Muna
Trog
Uskayaw
Vehumet
Wu Jian
Yredelemnul
Zin
The Shining One

Shops:
D:4 *!:   D:5 }   D:6 [

Annotations:
D:6 2 transporters


Innate Abilities, Weirdness & Mutations

Shadows flee at your approach. (+LOS)
You can swim through water.
You cover ground slowly.
You can hop short distances.
You have a pair of horns on your head.


Message History

Casting: Sandblast
Confirm with . or Enter, or press ? or * to list all spells.
Aiming: Lee's Rapid Deconstruction
Press: ? - help, Dir - move target cursor The wall shatters!
The blast of rock fragments hits the electric eel.
You kill the electric eel!
You hear a splash.
Found a thin emerald amulet.
You open the door.
Found a glowing golden altar of the Shining One.
z - a thin emerald amulet Put on which piece of jewellery? (? for menu, Esc to quit)
z - a +4 amulet of reflection (around neck)
There is a stone staircase leading up here.
You climb upwards.
Level annotation: 2 transporters
There is a stone staircase leading down here.
Unknown command.
Are you sure you want to abandon this character and quit the game? (Confirm with "yes".)

.................#####
####.#############PPP##
# #.######## #P...P# #
#.##.....# #P.>.P# #
#.#...#'## #P...P#
####.....#_### ##P.P##
.........###.# ##'##
..##...#####.######.#
.....©.....#.##.@...#
.#########......#####
##8.....8##...###
#.......5r#.#.#
#....©...O#.#.#
#........l#.#.#
#........©#.#.. ###
#.........#.##. #.#
#.........#.##.####.##


You could see a two-headed ogre, an iguana, a crimson imp and a quokka
(wandering).

Vanquished Creatures
  A sky beast (D:5)
  An orc warrior (D:6)
  A necrophage (D:5)
  2 phantoms
  5 ogres
  2 elf zombies (Ossuary)
  A bullfrog (D:6)
  A scorpion (D:5)
  4 wights (D:7)
  An electric eel (D:7)
  2 crimson imps
  A human zombie (Ossuary)
  2 hounds (D:7)
  A jelly (D:6)
  2 orc priests
  A bullfrog skeleton (D:4)
  3 iguanas (D:5)
  2 orc wizards (D:5)
  A worker ant (D:6)
  A big kobold zombie (Ossuary)
  3 hound zombies
  4 mummies (Ossuary)
  8 adders
  2 gnolls (D:6)
  2 shadow imps
  An ooze (D:2)
  An adder zombie (D:5)
  An adder skeleton (D:5)
  2 worms (D:2)
  2 dart slugs
  A leopard gecko (D:1)
  12 orcs
  A giant cockroach (D:2)
  9 goblins
  11 hobgoblins
  3 jackals (D:2)
  A quokka (D:3)
  2 ball pythons
  A ball python skeleton (D:4)
  5 bats
  7 frilled lizards
  2 gnoll zombies (Ossuary)
  A jackal zombie (Ossuary)
  8 kobolds
  A kobold zombie (Ossuary)
  7 rats
  A rat zombie (Ossuary)
134 creatures vanquished.

Vanquished Creatures (others)
  A bullfrog (D:6)
  A bullfrog zombie (D:6)
  A gnoll (D:6)
  An orc (D:2)
  A giant cockroach (D:2)
  A hobgoblin (D:2)
  A kobold (D:1)
  A quokka (D:6)
8 creatures vanquished.

Grand Total: 142 creatures vanquished

Notes
Turn   | Place    | Note
-------+----------+-------------------------------------------
     0 | D:1      | Lavandula the Barachi Earth Elementalist began the quest for the Orb.
     0 | D:1      | Reached XP level 1. HP: 13/13 MP: 3/3
   157 | D:1      | Reached XP level 2. HP: 10/19 MP: 5/5
   223 | D:1      | Reached skill level 1 in Short Blades
   337 | D:2      | Reached XP level 3. HP: 20/24 MP: 1/7
   454 | D:1      | Learned a level 3 spell: Stone Arrow
   581 | D:2      | Reached XP level 4. HP: 25/30 MP: 3/8
   652 | D:2      | Learned a level 4 spell: Petrify
   686 | D:2      | Found a basalt altar of Yredelemnul.
   798 | D:2      | Found a deep blue altar of Sif Muna.
   866 | D:3      | Reached XP level 5. HP: 18/35 MP: 4/10
  1155 | D:4      | Found Siusch's Book Shop.
  1184 | D:5      | Entered Level 5 of the Dungeon
  1187 | D:4      | Noticed an ogre
  1195 | D:4      | Killed an ogre
  1195 | D:4      | Reached XP level 6. HP: 16/41 MP: 3/13
  1202 | D:4      | Learned a level 5 spell: Lee's Rapid Deconstruction
  1330 | D:4      | Found Goc Egg's Distillery.
  1333 | D:4      | Bought a potion of curing for 39 gold pieces
  1333 | D:4      | Bought a potion of lignification for 39 gold pieces
  1377 | D:4      | Found Sipauqonn's General Store.
  1395 | D:4      | Reached skill level 5 in Earth Magic
  1404 | D:4      | Bought a scroll of amnesia for 42 gold pieces
  1459 | D:4      | Reached XP level 7. HP: 39/46 MP: 8/14
  1712 | D:6      | Found a transporter.
  1713 | D:6      | Noticed a two-headed ogre
  1737 | D:6      | Found an ornate altar of the Wu Jian Council.
  1752 | D:6      | Found a transporter.
  1773 | D:6      | Found Efuabad's Antique Armour Shoppe.
  1874 | D:6      | Reached XP level 8. HP: 38/52 MP: 7/15
  1951 | D:5      | Found an ancient bone altar of Kikubaaqudgha.
  1952 | D:5      | Found an iron altar of Okawaru.
  2457 | D:5      | Found Heuch's Gadget Boutique.
  2520 | D:6      | Reached skill level 5 in Short Blades
  2670 | D:6      | Found a sacrificial altar of Ru.
  2731 | D:7      | Found a hide-covered altar of Uskayaw.
  2764 | D:7      | Reached XP level 9. HP: 24/57 MP: 5/16
  2785 | D:7      | Found a sand-covered staircase.
  2791 | Ossuary  | Entered an ossuary
  2830 | Ossuary  | Gained mutation: You have a pair of small horns on your head. [potion of mutation]
  2830 | Ossuary  | Gained mutation: You have a pair of horns on your head. [potion of mutation]
  2831 | Ossuary  | HP: 2/57 [elf zombie (4)]
  2871 | Ossuary  | Got a warped chain mail
  3211 | D:6      | Found a staircase to the Ecumenical Temple.
  3218 | Temple   | Entered the Ecumenical Temple
  3353 | D:7      | Found a glowing golden altar of the Shining One.
  3379 | D:6      | Quit the game

Skill      XL: |  1  2  3  4  5  6  7  8  9 |
---------------+----------------------------+-----
Short Blades   | 2 6 8 |  8.2
Spellcasting   | 3 4 |  4.8
Earth Magic    | 5 7 8 |  8.8
Dodging        | |  2.1
Stealth        | |  1.7
Transmutations | |  1.1

Action                   |  1- 3 |  4- 6 |  7- 9 || total
-------------------------+-------+-------+-------++-------
Melee: Dagger            |    51 |    81 |   125 ||   257
       Unarmed           |     2 |       |       ||     2
       Headbutt          |       |       |     3 ||     3
 Cast: Sandblast         |    23 |    37 |    91 ||   151
       Stone Arrow       |       |     1 |    14 ||    15
       Lee's Rapid Decon |       |       |     5 ||     5
 Abil: Hop               |     2 |     4 |     4 ||    10
  Use: Scroll            |       |     8 |     8 ||    16
       Potion            |       |       |     7 ||     7
 Stab: Sleeping          |       |       |     2 ||     2
  Eat: Chunk             |       |     1 |     8 ||     9
       Ration            |       |       |     1 ||     1
Armor: Robe              |    11 |    28 |    20 ||    59
       Skin              |       |       |   113 ||   113
Dodge: Dodged            |    36 |    70 |    72 ||   178
